 Dungeon Crawl Stone Soup version 0.21.1-1-g345015f (webtiles) character file.

89 Mirai the Magician (level 4, 0/24 HPs)
             Began as a Deep Elf Conjurer on Apr 17, 2018.
             Shot with a stone by a goblin (4 damage)
             ... on level 3 of the Dungeon.
             The game lasted 00:03:47 (1486 turns).

Mirai the Magician (Deep Elf Conjurer)              Turns: 1486, Time: 00:03:48

Health: 0/24       AC:  2    Str:  5    XL:     4   Next: 31%
Magic:  10/13      EV: 13    Int: 21    God:
Gold:   146        SH:  0    Dex: 15    Spells: 10/13 levels left

rFire    . . .     SeeInvis .   q - +0 quarterstaff
rCold    . . .     Gourm    .   (shield currently unavailable)
rNeg     . . .     Faith    .   a - +0 robe
rPois    .         Spirit   .   (no helmet)
rElec    .         Reflect  .   (no cloak)
rCorr    .         Harm     .   (no gloves)
MR       .....                  (no boots)
Stlth    ++........             (no amulet)
HPRegen  0.08/turn              h - ring of wizardry
MPRegen  0.13/turn              (no ring)

@: no status effects
A: no striking features
a: no special abilities


You were on level 3 of the Dungeon.
You were hungry.

You visited 1 branch of the dungeon, and saw 3 of its levels.

You collected 146 gold pieces.

Inventory:

Hand Weapons
 q - a +0 quarterstaff (weapon)
Armour
 a - a +0 robe (worn)
Jewellery
 h - a ring of wizardry (left hand)
Scrolls
 e - 2 scrolls of enchant weapon {unknown}
 k - a scroll of immolation {unknown}
 l - a scroll of enchant armour {unknown}
 m - a scroll of teleportation {unknown}
 o - a scroll of amnesia {unknown}
 p - a scroll of fear {unknown}
 r - a scroll of identify {unknown}
Potions
 f - a potion of heal wounds {unknown}
 g - 2 potions of might {unknown}
 i - a potion of curing {unknown}
 j - a potion of agility {unknown}
 n - a potion of mutation {unknown}
Books
 b - a book of Conjurations

   Spells                             Type                      Level
   a - Magic Dart                     Conjuration                  1
   b - Searing Ray                    Conjuration                  2
   c - Dazzling Spray                 Conjuration/Hexes            3
   d - Fulminant Prism                Conjuration/Hexes            4
   e - Force Lance                    Conjuration/Translocation    4
   f - Iskenderun's Mystic Blast      Conjuration                  4
Comestibles
 c - 4 rations
 d - 6 chunks of flesh


   Skills:
 - Level 2.4 Dodging
 - Level 2.4 Stealth
 * Level 5.4 Spellcasting
 + Level 5.1 Conjurations


You had 10 spell levels left.
You knew the following spells:

 Your Spells              Type           Power        Failure   Level  Hunger
a - Magic Dart            Conj           ####         1%          1    None
b - Searing Ray           Conj           ####..       1%          2    None


Dungeon Overview and Level Annotations

Branches:
Dungeon (3/15)

Altars:
Elyvilon
Ru
Xom
Zin


Message History

That beam is likely to hit you.
Continue anyway?
Uppercase [Y]es or [N]o only, please.
That beam is likely to hit you.
Continue anyway?
Okay, then.
The gnoll hits you from afar with a spear!
* * * LOW HITPOINT WARNING * * *
The gnoll barely misses you. The adder misses you. The adder bites you.
* * * LOW HITPOINT WARNING * * *
A goblin comes into view. It is wielding a dagger.
The goblin shouts!
The goblin unwields an uncursed dagger.
The goblin wields a hunting sling.
The goblin shoots a stone.
The stone barely misses you.
The goblin shoots a stone.
The stone barely misses you.
The stone barely misses the adder.
The adder closely misses you.
A goblin comes into view. It is wielding a club.
The goblin shouts!
The goblin shoots a stone.
The stone hits you.
You die...

############### ..............###
#############.#.##### ##......#
#.#.....#############
##......#####.#....(##..........#
##......#..........(.............
#.......+...#......g.g...........
........#.#.#....S####...........
................@..............).
..####....##.......#....###......
.....#.......................#.#.##.
..............#.###.......#.#.##.
................# #...... #......
............g.##........ #......
......#............ .... .......
......#####........


You could see a gnoll, an adder and 2 goblins.

Vanquished Creatures
  A howler monkey (D:2)
  A gnoll (D:3)
  2 adders (D:2)
  A worm (D:3)
  An orc (D:3)
  2 giant cockroaches
  2 goblins (D:2)
  5 hobgoblins
  A ball python (D:2)
  2 bats (D:1)
  3 kobolds
  3 rats
24 creatures vanquished.

Notes
Turn   | Place    | Note
-------+----------+-------------------------------------------
     0 | D:1      | Mirai the Deep Elf Conjurer began the quest for the Orb.
     0 | D:1      | Reached XP level 1. HP: 10/10 MP: 6/6
   405 | D:1      | Reached XP level 2. HP: 15/15 MP: 3/8
   413 | D:1      | Learned a level 2 spell: Searing Ray
   938 | D:2      | Reached XP level 3. HP: 16/19 MP: 3/10
  1090 | D:2      | Reached skill level 5 in Spellcasting
  1090 | D:2      | Reached skill level 5 in Conjurations
  1090 | D:2      | Reached XP level 4. HP: 24/24 MP: 5/13
  1275 | D:2      | Found a glowing silver altar of Zin.
  1280 | D:2      | Found a white marble altar of Elyvilon.
  1280 | D:2      | Found a glowing silver altar of Zin.
  1282 | D:2      | Found a shimmering altar of Xom.
  1282 | D:2      | Found a shimmering altar of Xom.
  1282 | D:2      | Found a sacrificial altar of Ru.
  1486 | D:3      | Shot with a stone by a goblin

Skill      XL: |  1  2  3 |
---------------+----------+-----
Spellcasting   | 4 5 |  5.4
Conjurations   | 5 |  5.1
Dodging        | |  2.4
Stealth        | |  2.4

Action                   |  1- 3 |  4- 6 || total
-------------------------+-------+-------++-------
Melee: Unarmed           |     2 |       ||     2
 Cast: Magic Dart        |    33 |    12 ||    45
       Searing Ray       |     1 |     2 ||     3
  Eat: Chunk             |       |     1 ||     1
Armor: Robe              |     1 |       ||     1
Dodge: Dodged            |     9 |     5 ||    14
